 Dungeon Crawl Stone Soup version 0.26.0-18-gc5c842f807 (webtiles) character file.

Game seed: 12800340935141633562

371 kaeus the Firebug (level 6, -9/36 HPs)
             Began as an Octopode Fire Elementalist on Jan 22, 2021.
             Mangled by an ogre
             ... wielding a cursed +0 giant spiked club
              (16 damage)
             ... on level 4 of the Dungeon.
             The game lasted 00:02:37 (4426 turns).

kaeus the Firebug (Octopode Fire Elementalist)      Turns: 4426, Time: 00:02:38

Health: -9/36      AC:  1    Str:  7    XL:     6   Next: 71%
Magic:  8/11       EV: 13    Int: 20    God:
Gold:   108        SH:  0    Dex: 12    Spells: 7/12 levels left

rFire    + . .     SeeInvis .   a - +0 hand axe
rCold    . . .     Faith    .   (no shield)
rNeg     . . .     Spirit   .   (helmet restricted)
rPois    .         Reflect  .   (no amulet)
rElec    .         Harm     .   j - ring of protection from fire
rCorr    .         Rampage  .   (no ring)
Will     .....                  (no ring)
Stlth    +++.......             (no ring)
HPRegen  0.12/turn              (no ring)
MPRegen  0.12/turn              (no ring)
                                (no ring)
                                (no ring)

@: no status effects
A: almost no armour, stealthy swim, amphibious, 8 rings, constrict 8, camouflage
1, gelatinous body 1
a: no special abilities


You were on level 4 of the Dungeon.
You visited 1 branch of the dungeon, and saw 4 of its levels.

You collected 108 gold pieces.

Inventory:

Hand Weapons
 a - a +0 hand axe (weapon)
Jewellery
 j - a ring of protection from fire (left tentacle)
 n - an uncursed ring of willpower {unknown}
Scrolls
 b - 4 scrolls of identify {unknown}
 f - a scroll of blinking {unknown}
 g - a scroll of fog {unknown}
 k - a scroll of teleportation {unknown}
 l - a scroll of amnesia {unknown}
 m - a scroll of noise {unknown}
Potions
 c - a potion of magic {unknown}
 d - a potion of mutation {unknown}
 e - a potion of lignification
 h - a potion of heal wounds {unknown}
 i - a potion of haste {unknown}


   Skills:
 - Level 2.0 Dodging
 - Level 2.6 Stealth
 + Level 3.5 Spellcasting
 + Level 3.2 Conjurations
 * Level 5.6 Fire Magic


You had 7 spell levels left.
You knew the following spells:

 Your Spells              Type           Power        Failure   Level
a - Foxfire               Conj/Fire      84%          2%          1
b - Sticky Flame          Conj/Fire      21%          22%         4

Your spell library contained the following spells:

 Spells                   Type           Power        Failure   Level
 Conjure Flame            Conj/Fire      21%          7%          3
 Inner Flame              Hex/Fire       14%          13%         3
 Fireball                 Conj/Fire      10%          52%         5


Dungeon Overview and Level Annotations

Branches:
Dungeon (4/15)
 Temple: D:4-7

Altars:
Sif Muna


Innate Abilities, Weirdness & Mutations

You cannot wear most types of armour.
You are very stealthy in the water. (Stealth+)
You are amphibious.
You can wear up to eight rings at the same time.
You can use your tentacles to constrict eight enemies at once.
Your skin changes colour to match your surroundings (Stealth+).
Your rubbery body absorbs attacks. (AC +1, EV +1)


Message History

The ogre is heavily wounded.
The ogre misses you.
An ogre is nearby!
You hit the ogre but do no damage.
The ogre is heavily wounded.
The ogre hits you with a cursed +0 giant spiked club!!
Ouch! That really hurt!
* * * LOW HITPOINT WARNING * * *
An ogre is nearby!
You are too injured to fight recklessly!
You take 30 damage, and have 6/36 hp.
MASSIVE DAMAGE!!
An ogre is nearby!
You are too injured to fight recklessly!
You hit the ogre.
The ogre is heavily wounded.
The ogre misses you.
You barely miss the ogre.
The ogre is heavily wounded.
The ogre hits you with a cursed +0 giant spiked club!
You die...

############
#..........#
#...@.....:.
#...O..)....
#...........
#..........#
#..........#
#..........#
############


You could see an ogre.

Vanquished Creatures
  An orc warrior (D:3)
  3 orc priests (D:3)
  Jessica (D:2)
  An orc wizard (D:3)
  5 adders
  An ooze (D:3)
  6 worms
  3 dart slugs
  A leopard gecko (D:1)
  4 orcs
  2 ball pythons
  6 bats
  4 giant cockroaches
  7 goblins
  7 hobgoblins
  2 jackals (D:1)
  4 kobolds
  A quokka (D:3)
  4 frilled lizards
  6 rats
69 creatures vanquished.

Vanquished Creatures (others)
  265 foxfires
265 creatures vanquished.

Grand Total: 334 creatures vanquished

Notes
Turn   | Place    | Note
-------+----------+-------------------------------------------
     0 | D:1      | kaeus the Octopode Fire Elementalist began the quest for
                  | the Orb.
     0 | D:1      | Reached XP level 1. HP: 11/11 MP: 3/3
   422 | D:1      | Reached XP level 2. HP: 14/17 MP: 0/5
   936 | D:1      | Reached XP level 3. HP: 21/21 MP: 2/6
  1351 | D:2      | Noticed Jessica
  1366 | D:2      | Killed Jessica
  1367 | D:2      | Reached skill level 4 in Fire Magic
  1372 | D:2      | Reached XP level 4. HP: 26/27 MP: 1/7
  1959 | D:2      | Learned a level 4 spell: Sticky Flame
  2632 | D:3      | Noticed an orc warrior
  2637 | D:3      | Reached XP level 5. HP: 31/31 MP: 1/9
  3197 | D:3      | Found a shimmering blue altar of Sif Muna.
  3486 | D:3      | Reached skill level 5 in Fire Magic
  3619 | D:3      | Killed an orc warrior
  3620 | D:3      | Reached XP level 6. HP: 6/36 MP: 2/11
  4426 | D:4      | Mangled by an ogre

Illustrated notes

Levels and vault maps discovered:
D:1:      dpeg_arrival_connections, layout_rooms
D:2:      layout_rooms, uniq_jessica
D:3:      minmay_door_path, layout_basic, lemuel_doored_altar,
          serial_co_window_serial, co_window_of_opportunity_a,
          co_window_corner_a, co_window_paths_a, co_window_paths_a,
          co_window_of_opportunity_a, co_window_of_opportunity_a,
          co_window_paths_b, co_window_corner_cb, co_window_2corner,
          glass_columns_c, glass_columns_a, glass_columns_b
D:4:      layout_rooms, elyvilon_altar_3

Skill      XL: |  1  2  3  4  5 |
---------------+----------------+-----
Fire Magic     | 4 5 |  5.6
Conjurations   | 2 3 |  3.2
Spellcasting   | 3 |  3.5
Dodging        | |  2.0
Stealth        | |  2.6

Action                   |  1- 3 |  4- 6 || total
-------------------------+-------+-------++-------
Melee: Unarmed           |    15 |       ||    15
       Constrict         |     8 |    14 ||    22
       Hand axe          |    11 |    42 ||    53
       Tentacles         |     3 |     3 ||     6
 Cast: Foxfire           |    57 |   140 ||   197
  Use: Potion            |       |     1 ||     1
Armor: Skin              |     1 |     1 ||     2
Dodge: Dodged            |    15 |    23 ||    38
